 Dungeon Crawl Stone Soup version 0.31-a0-237-g2d982f9f85 (webtiles) character file.

Game seed: 10675122746290272461

12 qw the Shooter (level 2, 0/23 HPs)
             Began as a Minotaur Hexslinger on July 11, 2023.
             Slain by a hobgoblin (4 damage)
             ... on level 1 of the Dungeon.
             The game lasted 00:00:07 (433 turns).

qw the Shooter (Minotaur Hexslinger)                 Turns: 433, Time: 00:00:07

Health: 0/23       AC:  2    Str: 12    XL:     2   Next: 20%
Magic:  2/2        EV:  9    Int: 10    God:
Gold:   9          SH:  0    Dex: 12    Spells: 2/3 levels left

rFire   . . .        a - +1 sling
rCold   . . .        (no shield)
rNeg    . . .        c - +0 robe
rPois   .            (helmet restricted)
rElec   .            (no cloak)
rCorr   .            (no gloves)
SInv    .            (no boots)
Will    .....        (no amulet)
Stlth   +            (no ring)
HPRegen 0.23/turn    (no ring)
MPRegen 0.08/turn

%: no passive effects
@: constricted
A: horns 2, retaliatory headbutt
a: no special abilities


You were on level 1 of the Dungeon.
You visited 1 branch of the dungeon, and saw 1 of its levels.

You collected 9 gold pieces.


Innate Abilities, Weirdness & Mutations

You have a pair of horns on your head.
You reflexively headbutt those who attack you in melee.


   Skills:
 + Level 1.6 Fighting
 - Level 3.1 Ranged Weapons
 - Level 2.1 Dodging
 - Level 1.0 Spellcasting
 - Level 2.0 Hexes


You had 2 spell levels left.
You knew the following spells:

 Your Spells              Type           Power      Damage    Failure   Level
a - Slow                  Hex            16%        N/A       16%         1

Your spell library contained the following spells:

 Spells                   Type           Power      Damage    Failure   Level
 Inner Flame              Hex/Fire       2%         N/A       56%         3
 Portal Projectile        Hex/Tloc       4%         N/A       56%         3
 Cause Fear               Hex            2%         N/A       83%         4

Inventory:

Hand Weapons
 a - a +1 sling (weapon)
Armour
 c - a +0 robe (worn)
 e - a +1 cloak
 f - a +0 leather armour
Scrolls
 b - a scroll of poison
 d - a scroll of revelation {unknown}
Potions
 g - a potion of enlightenment {unknown}

Dungeon Overview and Level Annotations

Branches:
Dungeon (1/15)

Altars:


Message History

You shoot a sling bullet.
The sling bullet completely misses the goblin.
A jackal comes into view.
The goblin barely misses you.
You shoot a sling bullet.
The sling bullet closely misses the goblin.
A jackal comes into view.
The goblin hits you with a +0 dagger. The jackal bites you.
You shoot a sling bullet.
The sling bullet barely misses the goblin.
A ball python comes into view.
The goblin hits you with a +0 dagger. The jackal barely misses you.
The goblin closely misses you.
You shoot a sling bullet.
The sling bullet closely misses the goblin.
The jackal barely misses you. You furiously retaliate!
You headbutt the jackal.
The jackal bites you but does no damage.
The goblin hits you with a +0 dagger.
You shoot a sling bullet. The sling bullet hits the jackal.
You kill the jackal!
The ball python closely misses you. The ball python barely misses you.
The goblin hits you but does no damage.
You shoot a sling bullet. The sling bullet hits the goblin.
You kill the goblin!
The ball python bites you. The ball python closely misses you.
The hobgoblin hits you. The jackal bites you. The ball python misses you.
The ball python barely misses you.
You shoot a sling bullet. The sling bullet hits the jackal.
The jackal is moderately wounded.
The jackal barely misses you. The hobgoblin hits you.
The ball python bites you. The ball python misses you. The jackal bites you.
The hobgoblin barely misses you.
You shoot a sling bullet.
The sling bullet closely misses the jackal.
The ball python completely misses you. The ball python grabs you.
The ball python constricts you.
The jackal bites you but does no damage.
The ball python barely misses you. The ball python constricts you.
The hobgoblin hits you.
You die...

#..###. ...
#..# #. ..##
#.. #. ...
... .. ..# ##
..# 7 S.####.
7777#
###h......
#.... #.@gh#
7.... #.#S##
77..##
#.###.#.#####
7~..#.
#............
#7)..#.
#####.#.#.###
7.7..#.
#.#.#.#
#7...#. #.#.#
# ##..#.
#.#.# 7..##
#.#.# 7#....


You could see 2 jackals, a hobgoblin and 2 ball pythons.

Vanquished Creatures
  A dart slug (D:1)
  A bat (D:1)
  A giant cockroach (D:1)
  2 goblins (D:1)
  2 hobgoblins (D:1)
  A jackal (D:1)
  A kobold (D:1)
9 creatures vanquished.

Notes
Turn   | Place    | Note
-------+----------+-------------------------------------------
     0 | D:1      | qw the Minotaur Hexslinger began the quest for the Orb.
     0 | D:1      | Reached XP level 1. HP: 16/16 MP: 1/1
     0 | D:1      | 0 ||| qw: Version: 0.3-a-52-g30416fa
     0 | D:1      | 0 ||| qw: Game counter: 5865
     0 | D:1      | 0 ||| qw: Melee chars always use a shield: true
     0 | D:1      | 0 ||| qw: God list: Okawaru
     0 | D:1      | 0 ||| qw: Allow faded altars: false
     0 | D:1      | 0 ||| qw: Do Orc after clearing Dungeon:15 true
     0 | D:1      | 0 ||| qw: Do second Lair branch before Depths: true
     0 | D:1      | 0 ||| qw: Lair rune preference: random
     0 | D:1      | 0 ||| qw: Goals: Normal
     0 | D:1      | 0 ||| PLANNING D:1-11
   231 | D:1      | Reached skill level 3 in Ranged Weapons
   231 | D:1      | Reached XP level 2. HP: 19/23 MP: 2/2
   432 | D:1      | HP: 5/23 [jackal (1)]
   433 | D:1      | Slain by a hobgoblin

Levels and vault maps discovered:
D:1:      saegor_arrival_under_anarchy, layout_loops_ring

Skill      XL: |  1 |
---------------+----+-----
Ranged Weapons | 3 |  3.1
Fighting       | |  1.6
Dodging        | |  2.1
Spellcasting   | |  1.0
Hexes          | |  2.0

Action                     || total
---------------------------++-------
   Fire: Sling             ||    30
 Armour: Robe              ||     5
  Dodge: Dodged            ||    18

Table legend:
 A = Non-vault XP
 B = Vault XP
 C = Vault XP percentage of total XP
 D = Non-vault monster count
 E = Vault monster count
 F = Vault count percentage of total count
                 A         B        C        D         E       F
            +---------+---------+-------+---------+---------+-------
      Total |      18 |       0 |   0.0 |       9 |       0 |   0.0
            +---------+---------+-------+---------+---------+-------
        D:1 |      18 |       0 |   0.0 |       9 |       0 |   0.0
            +---------+---------+-------+---------+---------+-------
